 Dungeon Crawl Stone Soup version 0.29.1 (webtiles) character file.

Game seed: 107063156290063006

4372 greasedhog the Cleaver (level 10, -7/79 HPs)
             Began as a Formicid Fighter on Sept 14, 2022.
             Was a High Priest of Jiyva.
             Mangled by a meliai
             ... wielding a +0 hand axe
              (14 damage)
             ... on level 8 of the Dungeon.
             The game lasted 00:10:18 (6028 turns).

greasedhog the Cleaver (Formicid Fighter)           Turns: 6028, Time: 00:10:19

Health: -7/79      AC: 11    Str: 25    XL:     10   Next: 60%
Magic:  6/10       EV: 15    Int:  8    God:    Jiyva [*****.]
Gold:   261        SH:  5    Dex: 13    Spells: 9/9 levels left

rFire   . . .      SeeInvis +   a - +0 war axe
rCold   . . .      Faith    .   c - +0 buckler
rNeg    . . .      Spirit   .   h - +0 chain mail
rPois   +          Reflect  .   (helmet unavailable)
rElec   .          Harm     .   m - +0 cloak
rCorr   +          Rampage  .   (no gloves)
Will    +....                   (no boots)
Stlth   ..........              (no amulet)
HPRegen 1.67/turn               t - ring of poison resistance
MPRegen 0.57/turn               n - +4 ring of evasion

@: slimy (expiring)
A: permanent stasis, dig shafts and tunnels, antennae 3, four strong arms, wild
magic 3, MP-powered wands, sturdy frame 2
a: Dig, Shaft Self, Renounce Religion, Oozemancy, Slimify


You were on level 8 of the Dungeon.
You worshipped Jiyva.
Jiyva was extremely pleased with you.
You visited 1 branch of the dungeon, and saw 9 of its levels.

You collected 261 gold pieces.

Inventory:

Hand Weapons
 a - a +0 war axe (weapon)
 j - a +1 flail of protection
Armour
 c - a +0 buckler (worn)
 h - a +0 chain mail (worn)
 m - a +0 cloak (worn)
Jewellery
 n - a +4 ring of evasion (right hand)
 p - a ring of fire
 t - a ring of poison resistance (left hand)
Wands
 v - a wand of roots (8)
 y - a wand of flame (12)
Scrolls
 b - 2 scrolls of enchant armour
 g - a scroll of poison
 i - a scroll of vulnerability
 k - a scroll of amnesia
 l - a scroll of magic mapping
 o - a scroll of fear {unknown}
 r - a scroll of noise {unknown}
 w - a scroll of immolation {unknown}
 x - a scroll of teleportation {unknown}
Potions
 d - a potion of might
 e - 2 potions of resistance
 f - 2 potions of attraction {unknown}
 s - 2 potions of haste {unknown}
 u - a potion of cancellation {unknown}
 z - a potion of degeneration {unknown}
 A - a potion of flight {unknown}


   Skills:
 * Level 7.2 Fighting
 * Level 10.2 Axes
 - Level 6.0 Armour
 - Level 5.1 Dodging
 - Level 5.8 Shields
 * Level 4.7 Evocations


You had 9 spell levels left.
You didn't know any spells.
Your spell library contained the following spells:

 Spells                   Type           Power      Damage    Failure   Level
 Magic Dart               Conj           0%         1d3       94%         1
 Call Imp                 Summ           0%         N/A       98%         2
 Ensorcelled Hibernation  Hex/Ice        0%         N/A       98%         2
 Inner Flame              Hex/Fire       0%         N/A       100%        3
 Mephitic Cloud           Conj/Pois/Air  0%         N/A       100%        3
 Spider Form              Tmut/Pois      0%         N/A       100%        3
 Anguish                  Hex/Necr       0%         N/A       100%        4
 Cause Fear               Hex            0%         N/A       100%        4
 Discord                  Hex            0%         N/A       100%        8


Dungeon Overview and Level Annotations

Branches:
Dungeon (9/15)             Temple (0/1) D:4
   Lair: D:8-11         Orc: D:9-12

Altars:
Cheibriados
Elyvilon
Gozag
Makhleb
Qazlal
The Shining One
Jiyva


Innate Abilities, Weirdness & Mutations

You cannot be hasted, slowed, berserked, paralysed or teleported.
You can dig through walls and to a lower floor.
You have a pair of large antennae on your head. (SInv)
Your four strong arms can wield two-handed weapons with a shield.
Your spells are much harder to cast, but much more powerful.
You expend magic power (3 MP) to strengthen your wands.
Your movements are less encumbered by armour. (ER -4)


Message History

The meliai calls down the wrath of its god upon you.
Something smites you!
* * * LOW HITPOINT WARNING * * *
The meliai closely misses you.
The meliai hits the jelly with a +0 hand axe.
The acid corrodes the meliai!
The meliai is burned by acid!
The meliai stings you but does no damage.
The meliai completely misses you. The meliai misses you.
You feel much better. The meliai misses you.
The meliai hits the jelly with a +0 hand axe.
The meliai seems to be corroded for longer.
The meliai is burned by acid!
The meliai stings you. The meliai hits you with a +0 hand axe!
* * * LOW HITPOINT WARNING * * *
You block the meliai's attack.
The jelly barely misses the meliai.
The meliai calls upon its god to heal the meliai.
The meliai's wounds heal themselves!
The meliai hits you with a +0 hand axe.
* * * LOW HITPOINT WARNING * * *
The meliai misses you.
A thick mucus forms on your +0 war axe.
The meliai closely misses you.
The meliai hits the jelly with a +0 hand axe.
The meliai is burned by acid!
The meliai closely misses you. You block the meliai's attack.
The meliai closely misses you.
The jelly barely misses the meliai.
The meliai hits you but does no damage.
The meliai hits the jelly with a +0 hand axe!
The jelly dies!
The meliai closely misses you. You block the meliai's attack.
The meliai stings you.
* * * LOW HITPOINT WARNING * * *
You closely miss the meliai.
The meliai is almost dead.
You slash the meliai! The meliai misses you. You block the meliai's attack.
The meliai hits you with a +0 hand axe!
* * * LOW HITPOINT WARNING * * *
The meliai barely misses you. You block the meliai's attack.
The meliai stings you.
* * * LOW HITPOINT WARNING * * *
The meliai hits you with a +0 hand axe!
You die...

##......#.......# #....##.#..# #
................# #....####..# #
##......##......# #....'.....# #
##......##......# #....###...# #
##......######.####....# #...# #
##......# #....##.#.###...####
##.###### #.....#.#...........
##.# ##....#.#####.#...##
...###### #.@y.#.# #.##..#
...##...#######.y..#.# #.##..##
...##................# #.#.....
...##...#######...########.###.#.
...........................# #.#.
...##....####.........########.#.
...##....# #..........###......#.
J..##....# #..#................#.
...##....###..##.......##.####.#.


You could see 2 meliai.

Vanquished Creatures
  Psyche (D:8)
  Prince Ribbit (D:8)
  Sigmund (D:5)
  A wyvern (D:5)
  5 yaks (D:8)
  Grum (D:8)
  Menkaure (D:6)
  An acid dragon (D:8)
  A water moccasin (D:7)
  A sky beast (D:7)
  2 ice beasts
  2 orc warriors
  A black bear (D:4)
  2 wolves (D:8)
  A phantom (D:6)
  4 kobold brigands
  2 bullfrogs (D:8)
  Blork the orc (D:6)
  3 scorpions
  3 howler monkeys (D:7)
  A hound (D:6)
  3 orc priests
  Crazy Yiuf (D:7)
  2 iguanas (D:7)
  Natasha (thrice) (D:3)
  5 orc wizards
  Terence (D:3)
  3 adders
  A gnoll (D:2)
  A shadow imp (D:7)
  A white imp (D:7)
  A worm (D:3)
  23 orcs
  3 endoplasms (D:1)
  4 giant cockroaches
  6 goblins
  5 hobgoblins
  8 jackals
  15 kobolds
  3 quokkas
  6 ball pythons
  2 bats
  4 frilled lizards
  5 rats
142 creatures vanquished.

Vanquished Creatures (collateral kills)
  Joseph (D:7)
  An orc warrior (D:8)
2 creatures vanquished.

Vanquished Creatures (others)
  A meliai (D:8)
  An ice beast (D:7)
  A necrophage (D:4)
  10 jellies
  2 orc priests (D:7)
  An iguana (D:6)
  An adder (D:6)
  3 gnolls (D:2)
  A white imp (D:7)
  An ufetubus (D:6)
  A worm (D:4)
  5 endoplasms
  5 orcs
  A giant cockroach (D:4)
  A goblin (D:4)
  A hobgoblin (D:1)
  4 kobolds (D:6)
  2 frilled lizards
  2 rats (D:2)
  4 plants (D:5)
48 creatures vanquished.

Grand Total: 192 creatures vanquished

Notes
Turn   | Place    | Note
-------+----------+-------------------------------------------
     0 | D:1      | greasedhog the Formicid Fighter began the quest for the
                  | Orb.
     0 | D:1      | Reached XP level 1. HP: 18/18 MP: 1/1
   233 | D:1      | Reached XP level 2. HP: 17/24 MP: 2/2
   600 | D:1      | Reached XP level 3. HP: 30/30 MP: 3/3
   769 | D:1      | Found a faded altar of an unknown god.
   775 | D:1      | Prayed at the altar of an unknown god.
   775 | D:1      | Became a worshipper of Jiyva Jeuraeje the Shapeless
   775 | D:1      | Reached * piety under Jiyva
  1131 | D:2      | Reached skill level 3 in Axes
  1305 | D:2      | Reached ** piety under Jiyva
  1318 | D:2      | Reached XP level 4. HP: 38/38 MP: 4/4
  1423 | D:3      | Noticed Terence
  1433 | D:3      | Killed Terence
  1541 | D:3      | Reached XP level 5. HP: 43/43 MP: 5/5
  1612 | D:3      | Reached *** piety under Jiyva
  1679 | D:3      | Noticed Natasha
  1684 | D:3      | Killed Natasha
  1685 | D:3      | Reached skill level 5 in Fighting
  1701 | D:3      | Noticed Natasha
  1710 | D:3      | Killed Natasha
  1711 | D:3      | Reached skill level 4 in Axes
  1734 | D:3      | Noticed Natasha
  1739 | D:3      | Killed Natasha
  2073 | D:4      | Gained mutation: Your movements are slightly less
                  | encumbered by armour. (ER -2) [Jiyva's grace]
  2073 | D:4      | Gained mutation: Your movements are less encumbered by
                  | armour. (ER -4) [Jiyva's grace]
  2073 | D:4      | Gained mutation: Your movements are significantly less
                  | encumbered by armour. (ER -6) [Jiyva's grace]
  2073 | D:4      | Gained mutation: You are agile. (Dex +4, Str/Int -1)
                  | [Jiyva's grace]
  2083 | D:4      | Reached XP level 6. HP: 21/51 MP: 6/6
  2198 | D:4      | Found a burning altar of Makhleb.
  2222 | D:4      | Noticed a black bear
  2235 | D:4      | Killed a black bear
  2255 | D:4      | Reached skill level 5 in Axes
  2255 | D:4      | Reached XP level 7. HP: 33/56 MP: 7/7
  2290 | D:4      | Reached **** piety under Jiyva
  2427 | D:4      | Found a snail-covered altar of Cheibriados.
  2503 | D:4      | Found a staircase to the Ecumenical Temple.
  2558 | D:5      | Entered Level 5 of the Dungeon
  2721 | D:5      | Found a stormy altar of Qazlal.
  2732 | D:5      | Noticed Sigmund
  2740 | D:5      | Killed Sigmund
  2741 | D:5      | Reached skill level 5 in Armour
  2748 | D:5      | Noticed a wyvern
  2754 | D:5      | Killed a wyvern
  2755 | D:5      | Reached skill level 6 in Axes
  2821 | D:5      | Reached XP level 8. HP: 62/62 MP: 8/8
  2839 | D:5      | Found a white marble altar of Elyvilon.
  3025 | D:5      | Reached skill level 1 in Dodging
  3081 | D:5      | Reached ***** piety under Jiyva
  3411 | D:6      | Found an opulent altar of Gozag.
  3430 | D:6      | Noticed Menkaure
  3439 | D:6      | Killed Menkaure
  3520 | D:6      | Reached skill level 7 in Axes
  3548 | D:6      | Found a glowing golden altar of the Shining One.
  3583 | D:5      | Noticed a rust devil
  3583 | D:5      | Noticed a rust devil
  3739 | D:6      | Noticed Blork the orc
  3748 | D:6      | Killed Blork the orc
  3829 | D:6      | Reached XP level 9. HP: 68/68 MP: 9/9
  4176 | D:7      | Lost mutation: You are agile. (Dex +4, Str/Int -1) [Jiyva's
                  | grace]
  4176 | D:7      | Lost mutation: Your movements are significantly less
                  | encumbered by armour. (ER -6) [Jiyva's grace]
  4176 | D:7      | Gained mutation: Your spells are a little harder to cast,
                  | but a little more powerful. [Jiyva's grace]
  4176 | D:7      | Gained mutation: Your spells are harder to cast, but more
                  | powerful. [Jiyva's grace]
  4176 | D:7      | Gained mutation: Your spells are much harder to cast, but
                  | much more powerful. [Jiyva's grace]
  4176 | D:7      | Gained mutation: You expend magic power (3 MP) to
                  | strengthen your wands. [Jiyva's grace]
  4189 | D:7      | Noticed Joseph
  4194 | D:7      | Killed Joseph
  4195 | D:7      | Reached skill level 8 in Axes
  4195 | D:7      | Reached skill level 5 in Dodging
  4514 | D:7      | Reached skill level 5 in Shields
  4678 | D:7      | Reached skill level 9 in Axes
  4690 | D:7      | Found a runed translucent door.
  4691 | D:7      | Noticed Crazy Yiuf
  4857 | D:7      | Killed Crazy Yiuf
  5094 | D:8      | Noticed Psyche
  5121 | D:8      | Killed Psyche
  5122 | D:8      | Reached skill level 1 in Evocations
  5180 | D:8      | Reached XP level 10. HP: 75/75 MP: 10/10
  5346 | D:8      | Noticed Prince Ribbit
  5359 | D:8      | Killed Prince Ribbit
  5588 | D:8      | Reached skill level 10 in Axes
  5649 | D:8      | Noticed Grum
  5656 | D:8      | Killed Grum
  6025 | D:8      | HP: 1/79 [meliai/divine providence (10)]
  6028 | D:8      | Mangled by a meliai

Illustrated notes

Levels and vault maps discovered:
D:1:      dpeg_arrival_rooms_b, layout_basic, shapermc_ecumenical_altar_petra
D:2:      layout_basic
D:3:      layout_basic, uniq_natasha, uniq_terence
D:4:      layout_rooms, mainiacjoe_overflow_concentric_impassable,
          bloody_makhleb, minmay_temple_entry_fiery
D:5:      cheibrodos_iron_armory, layout_gridville,
          mainiacjoe_overflow_boulevard, grunt_qazlal_clouds, uniq_sigmund
D:6:      layout_loops_ring, mainiacjoe_overflow_six_doors_small,
          grunt_gozag_statues, corexii_item_surrounded_by_moat,
          uniq_blork_the_orc, uniq_menkaure
D:7:      layout_basic, uniq_crazy_yiuf_cottage, uniq_joseph
D:8:      layout_basic, uniq_grum, uniq_prince_ribbit1, uniq_psyche
D:9:      layout_basic, nzn_wu_jian_council_hall,
          minmay_overflow_temple_star_quad, lair_entry_dummy, serial_shops,
          kennysheep_little_box, shop, uniq_maggie

Skill      XL: |  1  2  3  4  5  6  7  8  9 10 |
---------------+-------------------------------+-----
Fighting       | 4 5 7 |  7.2
Axes           | 3 4 5 6 7 9 10 | 10.2
Armour         | 4 6 |  6.0
Dodging        | 3 5 |  5.1
Shields        | 5 |  5.8
Evocations     | 1 4 |  4.7

Action                   |  1- 3 |  4- 6 |  7- 9 | 10-12 || total
-------------------------+-------+-------+-------+-------++-------
Melee: War axe           |    86 |    98 |   245 |   127 ||   556
Invok: Slimify           |       |       |     1 |     1 ||     2
  Use: Scroll            |     2 |     2 |     2 |       ||     6
       Potion            |       |       |       |     3 ||     3
Armor: Scale mail        |    12 |       |       |       ||    12
       Chain mail        |    40 |    55 |    71 |    37 ||   203
       Skin              |       |       |    10 |       ||    10
Dodge: Dodged            |    46 |    40 |   113 |    85 ||   284
Block: Buckler           |    29 |    38 |    49 |    45 ||   161
